 Dungeon Crawl Stone Soup version 0.23-a0-85-g22930c1 (webtiles) character file.

158 digijack the Charlatan (level 5, -7/26 HPs)
             Began as a Spriggan Artificer on Aug 13, 2018.
             Mangled by a gnoll
             ... wielding a +0 halberd
              (17 damage)
             ... on level 3 of the Dungeon.
             The game lasted 00:22:39 (3049 turns).

digijack the Charlatan (Spriggan Artificer)         Turns: 3049, Time: 00:22:39

Health: -7/26      AC:  3    Str:  9    XL:     5   Next: 16%
Magic:  9/9        EV: 19    Int: 12    God:
Gold:   140        SH:  0    Dex: 17    Spells: 4/4 levels left

rFire    . . .     SeeInvis +   k - +1 dagger (curse)
rCold    . . .     Gourm    .   (shield restricted)
rNeg     . . .     Faith    .   b - +1 robe
rPois    .         Spirit   .   (helmet restricted)
rElec    .         Reflect  .   (no cloak)
rCorr    .         Harm     .   (gloves unavailable)
MR       .....                  (boots unavailable)
Stlth    +++.......             (no amulet)
HPRegen  0.08/turn              m - ring of flight
MPRegen  0.11/turn              (no ring)

@: very quick
A: very small, unfitting armour, see invisible, deterioration 1, herbivore,
speed 3, slow metabolism 2, no potion heal 1, sturdy frame 1
a: Evoke Flight


You were on level 3 of the Dungeon.
You were not hungry.

You visited 1 branch of the dungeon, and saw 3 of its levels.

You collected 140 gold pieces.

Inventory:

Hand Weapons
 a - a +3 short sword of venom
 k - a cursed +1 dagger (weapon)
Missiles
 j - 139 stones (quivered)
Armour
 b - a +1 robe (worn)
Jewellery
 m - a ring of flight (left hand)
Wands
 c - a wand of flame (13)
 d - a wand of enslavement (13)
 e - a wand of random effects (10)
Scrolls
 h - 4 scrolls of identify
 i - 4 scrolls of teleportation
Potions
 g - 2 potions of resistance
 l - a potion of berserk rage
Comestibles
 f - 6 rations


   Skills:
 + Level 2.0 Fighting
 + Level 2.5 Short Blades
 + Level 4.3 Dodging
 + Level 3.7 Stealth
 + Level 4.9 Evocations


You had 4 spell levels left.
You didn't know any spells.
Your spell library was empty.

Dungeon Overview and Level Annotations

Branches:
Dungeon (3/15)

Altars:


Innate Abilities, Weirdness & Mutations

You are very small and have problems with some larger weapons.
You are too small for most types of armour.
You have supernaturally acute eyesight. (SInv)
You are a herbivore.
You cover ground extremely quickly.
You need to consume almost no food.
Your body sometimes deteriorates upon taking damage.
Potions are less effective at restoring your health.
Your movements are slightly less encumbered by armour. (ER -2)


Message History

You hit the gnoll.
You kill the gnoll!
The gnoll hits you but does no damage.
Evoke which item? (* to show all) (? for menu, Esc to quit)
Aiming: Throw Flame
Press: ? - help, Shift-Dir - straight line, f - gnoll
Aim: a gnoll, wielding a spear The puff of flame hits the gnoll.
The gnoll is almost dead.
The gnoll closely misses you. The gnoll barely misses you. x2
You see here a gnoll corpse.
You hit the gnoll but do no damage.
The gnoll is almost dead.
You hit the gnoll.
You kill the gnoll!
Your Fighting skill increases to level 2!
The gnoll hits you from afar with a halberd!
Ouch! That really hurt!
You die...

## ### ..g #.. ..g.#..
...g#''## .g....# #....#
#$..g#
#################(# #
................@)# g#
≈≈≈≈≈≈≈≈≈≈≈≈≈≈≈)≈≈#####
≈≈≈≈≈≈≈≈≈≈≈≈≈≈≈≈≈≈≈≈≈≈≈
≈≈≈≈≈≈≈≈≈≈≈≈≈≈≈≈≈≈≈≈≈≈≈
..............P.........
......................P.
########################


You could see a gnoll.

Vanquished Creatures
  A gnoll shaman (D:3)
  3 gnolls (D:3)
  2 adders
  An ooze (D:2)
  2 worms (D:2)
  4 dart slugs
  2 leopard geckos
  3 giant cockroaches
  3 goblins
  4 hobgoblins
  8 jackals (D:3)
  10 kobolds
  8 bats
  6 frilled lizards
  6 rats
63 creatures vanquished.

Vanquished Creatures (collateral kills)
  A jackal (D:3)
1 creature vanquished.

Vanquished Creatures (others)
  A jackal (D:3)
1 creature vanquished.

Grand Total: 65 creatures vanquished

Notes
Turn   | Place    | Note
-------+----------+-------------------------------------------
     0 | D:1      | digijack the Spriggan Artificer began the quest for the Orb.
     0 | D:1      | Reached XP level 1. HP: 9/9 MP: 4/4
   255 | D:1      | Reached skill level 1 in Fighting
   344 | D:1      | Reached XP level 2. HP: 14/14 MP: 6/6
   899 | D:1      | Reached XP level 3. HP: 15/18 MP: 7/7
  1469 | D:2      | Gained mutation: Potions are less effective at restoring your health. [potion of mutation]
  1469 | D:2      | Gained mutation: Your body sometimes deteriorates upon taking damage. [potion of mutation]
  1469 | D:2      | Gained mutation: Your movements are slightly less encumbered by armour. (ER -2) [potion of mutation]
  2176 | D:2      | Reached XP level 4. HP: 22/22 MP: 8/8
  3033 | D:3      | Reached XP level 5. HP: 24/26 MP: 9/9
  3049 | D:3      | Mangled by a gnoll

Vault maps used:
D:1:      dpeg_arrival_round_b, minmay_split_cup_small
D:3:      lemuel_castle_with_subvaults, lemuel_round_altar,
          minmay_misc_feat_square, minivault_4

Skill      XL: |  1  2  3  4  5 |
---------------+----------------+-----
Fighting       | 1 2 |  2.0
Stealth        | 2 3 |  3.7
Short Blades   | 2 |  2.5
Dodging        | 4 |  4.3
Evocations     | |  4.9

Action                   |  1- 3 |  4- 6 || total
-------------------------+-------+-------++-------
Melee: Short sword       |   120 |       ||   120
       Dagger            |    50 |   124 ||   174
Evoke: Wand              |     4 |     5 ||     9
  Use: Potion            |     5 |     4 ||     9
       Scroll            |     7 |       ||     7
 Stab: Sleeping          |    11 |     1 ||    12
Armor: Robe              |    12 |    24 ||    36
Dodge: Dodged            |   113 |   151 ||   264

Table legend:
 A = Non-vault XP
 B = Vault XP
 C = Vault XP percentage of total XP
 D = Non-vault monster count
 E = Vault monster count
 F = Vault count percentage of total count
 G = Total turns spent on level
                 A         B        C        D         E       F
            +---------+---------+-------+---------+---------+-------
      Total |     120 |     106 |  46.9 |      48 |      16 |  25.0
            +---------+---------+-------+---------+---------+-------
        D:1 |      42 |       4 |   8.7 |      23 |       3 |  11.5
        D:2 |      56 |       0 |   0.0 |      20 |       0 |   0.0
        D:3 |      22 |     102 |  82.3 |       5 |      13 |  72.2
            +---------+---------+-------+---------+---------+-------
